[Event "Early-Titled-Tuesday-Blitz-March-19-2024"]
[Site "Chess.com"]
[Date "2024.03.19"]
[Round "1"]
[White "DmitriiZakurdaev"]
[Black "kingofthenil"]
[Result "0-1"]
[WhiteElo "2429"]
[BlackElo "2791"]
[TimeControl "180+1"]
[EndTime "8:09:00 PDT"]
[Termination "kingofthenil won by checkmate"]

1. d4 d5 2. c4 c6 3. Nc3 Nf6 4. Nf3 Bf5 5. cxd5 cxd5 6. Qb3 Bc8 7. Bf4 a6 8. e3 Nc6 9. Bd3 g6 10. O-O Bg7 11. Na4 Na5 12. Qb6 Bd7 13. Bc7 Qc8 14. Qxa5 Bxa4 15. Qxa4+ b5 16. Qa5 O-O 17. Rac1 Qb7 18. Qb6 Qc8 19. Ne5 Ne4 20. Bxe4 dxe4 21.
Qc5 Qe6 22. d5 Qf5 23. Nc6 Kh8 24. Nxe7 Qd7 25. b3 f5 26. Qd6 Qe8 27. Qe6 Rf6 28. Qe5 Rf7 29. Nxg6+ hxg6 30. Qxe8+ Rxe8 31. d6 Rd7 32. Rfd1 Kg8 33. Bb6 Be5 34. Bc7 Kf7 35. Rc6 Ra8 36. f4 exf3 37. gxf3 Ke6 38. f4 Bb2 39. Kf2 Rh8 40. Kg3 Ra8 41. Rd2 Ba3 42. Kf3 a5 43.
Rg2 Kf6 44. Rb6 b4 45. Rd2 a4 46. Rc6 Ke6 47. Bb6 axb3 48. axb3 Rh8 49. Bc5 Rh3+ 50. Kg2 Rh4 51. Rb6 Rg4+ 52. Kf3 Bc1 53. Rc2 Ba3 54. e4 Rh4 55. exf5+ Kxf5 56. Re2 Rxf4+ 57. Kg3 Rg4+ 58. Kf2 Rf4+ 59. Ke1 g5 60. Rf2 Ke4 61. Ke2 Rxf2+ 62. Kxf2 Kd5 63. Bxb4 Bb2 64. Bd2 Bd4+ 65. Be3 Bxb6 66.
Bxb6 Rxd6 67. Be3 g4 68. Kg3 Ke4 69. Bc5 Rg6 70. b4 Kf5 71. b5 Rg7 72. b6 Rd7 73. Bf2 Rd3+ 74. Kg2 Rb3 75. Bg1 Kf4 76. Bf2 Rb2 77.
Kg1 Kf3 78. Bd4 Rb1# 0-1

[Event "Early-Titled-Tuesday-Blitz-March-19-2024"]
[Site "Chess.com"]
[Date "2024.03.19"]
[Round "1"]
[White "ploxoi"]
[Black "ChessQueen"]
[Result "1/2-1/2"]
[WhiteElo "2422"]
[BlackElo "2749"]
[TimeControl "180+1"]
[EndTime "8:09:00 PDT"]
[Termination "Game drawn by repetition"]

1. d4 f5 2. Nf3 Nf6 3. g3 g6 4.
Bg2 Bg7 5. O-O O-O 6. b3 a5 7. c4 d6 8. Bb2 a4 9. Qc1 c6 10. Nc3 axb3 11. axb3 Rxa1 12. Qxa1 Qb6 13. Qa3 Na6 14. Na4 Qd8 15. Rd1 Ne4 16. Nc3 Nxc3 17. Bxc3 f4 18. b4 h6 19. d5 cxd5 20. cxd5 fxg3 21. hxg3 Bg4 22. Bxg7 Kxg7 23. Qc3+ Kh7 24. Qd4 Bxf3 25. Bxf3 Qc8 26. Kg2 Qc2 27. Rh1 Rf7 28.
Qe3 h5 29. Rxh5+ Kg8 30. Be4 Qxe4+ 31. Qxe4 gxh5 32. Qg6+ Rg7 33. Qxh5 Nxb4 34. Qe8+ Kh7 35. Qb5 Na6 36. Qxb7 Nc5 37. Qc8 Rf7 38. e3 Kg7 39. Qg4+ Kf8 40. Qh5 Kg7 41. Qg5+ Kh7 42. g4 Rxf2+ 43.
Kg1 Rf7 44. Qh5+ Kg8 45. g5 Rg7 46. Qe8+ Kh7 47. Qh5+ Kg8 48. Kh2 Ne4 49. Qe8+ Kh7 50. g6+ Kh6 51. Kh3 Nf6 52. Qf8 Kxg6 53. e4 Nxe4 54.
Qf4 Nf6 55. Kh4 Rh7+ 56. Kg3 Kh5 57. Qf5+ Kh6 58. Kf4 Kg7 59. Qe6 Rh4+ 60. Kg5 Rg4+ 61. Kf5 Re4 62. Qc8 Re5+ 63. Kf4 Nxd5+ 64. Kf3 Nf6 65.
Qh3 Kf7 66. Qh4 Ke6 67. Qc4+ d5 68. Qc6+ Kf7 69. Kf4 Re4+ 70. Kf3 Re6 71. Qc5 Rd6 72. Qd4 Nd7 73. Qg4 Nf6 74. Qd4 Ne4 75. Kf4 Nf6 76. Kf3 1/2-1/2

[Event "Early-Titled-Tuesday-Blitz-March-19-2024"]
[Site "Chess.com"]
[Date "2024.03.19"]
[Round "1"]
[White "yaguigor"]
[Black "VincentKeymer"]
[Result "1/2-1/2"]
[WhiteElo "2571"]
[BlackElo "3060"]
[TimeControl "180+1"]
[EndTime "8:09:05 PDT"]
[Termination "Game drawn by stalemate"]

1. e4 c6 2. d4 d5 3. e5 Bf5 4. Nf3 e6 5. Be2 Ne7 6. O-O h6 7. a4 Nd7 8. a5 a6 9. b4 g5 10.
c3 Bg7 11. Na3 Ng6 12. Ne1 Nf4 13. Bxf4 gxf4 14. Bd3 Qg5 15. Bxf5 Qxf5 16. Qd3 Qg6 17. Qf3 O-O 18. Nd3 f6 19. Nxf4 Qf5 20. exf6 Rxf6 21. g3 e5 22. dxe5 Nxe5 23. Qh5 Qe4 24. f3 Qe3+ 25. Kg2 Qxc3 26. Rae1 Rf7 27. Nb1 Qc2+ 28.
Re2 Qf5 29. Nd2 Qxh5 30. Nxh5 Nd3 31. Nxg7 Kxg7 32. Rb1 c5 33. bxc5 Nxc5 34. Re5 Rd8 35. f4 Rc7 36. Rc1 Rdd7 37. Nf3 Kf6 38. Nd4 Kg6 39.
h4 Kf6 40. h5 Kf7 41. Rf5+ Kg8 42. Re1 Ne4 43. Ne6 Rc2+ 44. Kf3 Rc3+ 45. Re3 Rxe3+ 46. Kxe3 Nxg3 47. Rf8+ Kh7 48. Rb8 Re7 49. Kf3 Nxh5 50.
Nd4 Ng7 51. f5 Re4 52. Ne2 Nxf5 53. Rxb7+ Re7 54. Rb6 d4 55. Rxa6 d3 56. Nc3 Nd4+ 57.
Kf2 Rc7 58. Rd6 Rc4 59. Ne4 Nf5 60. Rd7+ Kg6 61. Ng3 Rd4 62. Rxd4 Nxd4 63. Ke3 d2 64. Kxd2 Nb3+ 65. Ke3 Nxa5 66. Kf4 Nc6 67. Nf5 h5 68. Nh4+ Kf6 69. Nf3 Ne7 70. Kg3 Nf5+ 71. Kh3 Kg6 72. Nh4+ Nxh4 73. Kxh4 Kh6 74. Kh3 Kg5 75. Kg3 h4+ 76.
Kh3 Kh5 77. Kh2 Kg4 78. Kg2 h3+ 79. Kh2 Kh4 80. Kh1 Kg3 81. Kg1 Kg4 82. Kh2 Kh4 83. Kh1 Kg3 84. Kg1 h2+ 85. Kh1 Kh3 1/2-1/2

[Event "Early-Titled-Tuesday-Blitz-March-19-2024"]
[Site "Chess.com"]
[Date "2024.03.19"]
[Round "1"]
[White "GelmanAlexander"]
[Black "cthulhuuu"]
[Result "1/2-1/2"]
[WhiteElo "2707"]
[BlackElo "2370"]
[TimeControl "180+1"]
[EndTime "8:09:16 PDT"]
[Termination "Game drawn - insufficient material"]

1. d4 Nf6 2. Nc3 d5 3. Bf4 e6 4. Nb5 Na6 5. e3 c5 6. c3 Be7 7. g4 O-O 8. g5 Ne8 9. h4 Bd7 10.
a4 Nb8 11. Nf3 Nc6 12. Bd3 a6 13. Na3 Nd6 14. dxc5 Ne4 15. Bxe4 dxe4 16. Ne5 Nxe5 17. Bxe5 Bxc5 18. Nc4 Bc6 19. b4 Be7 20. Qd4 Qxd4 21. Bxd4 Rac8 22. Nb6 Rcd8 23. Rg1 Bd6 24. Nc4 Bh2 25.
Rg2 Bc7 26. h5 b5 27. axb5 Bxb5 28. Ne5 Rd5 29. Ng4 e5 30. Bc5 Rfd8 31. h6 Rd2 32. Bd4 Re2+ 33. Kd1 exd4 34. cxd4 Bb6 35. hxg7 Bxd4 36.
Nh6+ Kxg7 37. Nf5+ Kg6 38. Nxd4 Rb2 39. Kc1 Rxb4 40.
Kd2 Rbxd4+ 41. exd4 Rxd4+ 42. Ke3 Rb4 43. Rh1 Rb3+ 44.
Kd4 Bc6 45. Rh6+ Kg7 46. Rg3 Rxg3 47. fxg3 Bb7 48. Rb6 Bc8 49. Kxe4 a5 50. Rb8 Bd7 51. Rd8 Bc6+ 52. Ke5 a4 53. Rd6 Bb5 54. Rb6 Bc4 55. Rc6 Be6 56. Ra6 Kg6 57. Kf4 h6 58. gxh6 Kxh6 59. Rxa4 Kg6 60. Ra5 Kf6 61. Rh5 Kg6 62.
g4 Kf6 63. g5+ Kg6 64. Rh6+ Kg7 65. Ke5 Bb3 66. Kf5 Be6+ 67. Kf4 Bd5 68. Rd6 Be6 69. Ke5 Bc4 70. Rf6 Be6 71. Kf4 Bd5 72. Kg3 Bc4 73. Kh4 Be6 74. Rf4 Bd5 75. Rd4 Be6 76. Kg3 Bf5 77. Kf4 Bg6 78. Rd6 Bh5 79. Ke5 Bg6 80.
Rd7 Bh5 81. Re7 Bg6 82. Rxf7+ Bxf7 83. g6 Bxg6 1/2-1/2

[Event "Early-Titled-Tuesday-Blitz-March-19-2024"]
[Site "Chess.com"]
[Date "2024.03.19"]
[Round "1"]
[White "Flaccidmoves"]
[Black "Alexchess1984"]
[Result "1/2-1/2"]
[WhiteElo "2427"]
[BlackElo "2763"]
[TimeControl "180+1"]
[EndTime "8:09:23 PDT"]
[Termination "Game drawn - insufficient material"]

1. c4 g6 2. Nc3 Bg7 3. e4 d6 4.
d4 Nf6 5. Nf3 O-O 6. h3 Nc6 7.
d5 Nb4 8. a3 Na6 9. Bd3 e6 10.
O-O Nc5 11. Bc2 a5 12. Rb1 exd5 13. exd5 Nfd7 14. Bg5 f6 15. Bh4 Nb6 16. b4 Ncd7 17. Bb3 g5 18. Bg3 f5 19. Nd4 Bxd4 20. Qxd4 f4 21. Bh2 Qf6 22. Qxf6 Nxf6 23. Nb5 Bf5 24.
Rbc1 axb4 25. axb4 Rac8 26. Rfe1 Bd7 27. Nd4 Rce8 28. f3 Ba4 29. Ba2 Ra8 30. Ne6 Rfe8 31. Nxc7 Rxe1+ 32. Rxe1 Rc8 33. Nb5 Bxb5 34. cxb5 Rc2 35.
Bb1 Rb2 36. Bf5 Rxb4 37. Kf1 Rxb5 38. Bg1 Nbxd5 39. Be6+ Kg7 40. Bd4 Kg6 41. Rc1 Rb4 42.
Ba1 Ne3+ 43. Kf2 Rb5 44. g3 Ra5 45. gxf4 gxf4 46. Bd4 Ra2+ 47. Ke1 Nh5 48. Bxe3 Rh2 49. Bg1 Rg2 50. Kf1 Rb2 51. Bf2 Ng3+ 52. Bxg3 fxg3 53.
Kg1 Rf2 54. Bd5 Rh2 55. Rc4 Rxh3 56. Kg2 Rh2+ 57. Kxg3 Rb2 58. Rc7 b5 59. Kg4 h5+ 60. Kf4 b4 61. Be4+ Kf6 62. Rh7 b3 63. Rh6+ Ke7 64.
Bd5 Re2 65. Rxh5 b2 66. Rh7+ Ke8 67. Rb7 Kd8 68. Be4 Kc8 69. Rb3 Kc7 70. Kg3 Kd7 71. Kf4 Rd2 72. Ke3 Rh2 73. Kd3 Ke6 74. Kc3 d5 75. Bd3 Ke5 76. Rxb2 d4+ 77. Kb3 Rxb2+ 78. Kxb2 Kf4 79. Be2 Ke3 80. Bd1 Kd2 81. f4 Kxd1 82.
f5 d3 83. f6 d2 84. f7 Ke2 85. f8=Q d1=Q 86. Qe7+ Kf2 87. Qf6+ Qf3 88. Qxf3+ Kxf3 1/2-1/2

[Event "Early-Titled-Tuesday-Blitz-March-19-2024"]
[Site "Chess.com"]
[Date "2024.03.19"]
[Round "1"]
[White "tusplingher"]
[Black "MyDream003"]
[Result "1-0"]
[WhiteElo "2460"]
[BlackElo "2792"]
[TimeControl "180+1"]
[EndTime "8:09:46 PDT"]
[Termination "tusplingher won on time"]

1. e4 c6 2. Nf3 d5 3. exd5 cxd5 4. Ne5 Nc6 5. d4 Nf6 6. Bb5 Bd7 7. Nxd7 Qxd7 8. c3 e6 9. O-O Bd6 10. Nd2 O-O 11. Bd3 Rab8 12. Qe2 a6 13. Nf3 Qc7 14.
Re1 Nd7 15. Ng5 Nf6 16. Nf3 Bf4 17. Ne5 Bxc1 18. Raxc1 Nxe5 19. dxe5 Nd7 20. c4 dxc4 21. Rxc4 Qa5 22. b4 Qa3 23. Bxh7+ Kxh7 24. Rh4+ Kg8 25. Qh5 f5 26. Qh7+ Kf7 27. Qh5+ Ke7 28. Qg5+ Kf7 29. Qh5+ Ke7 30. Qg5+ Ke8 31. Qg6+ Kd8 32.
Qxe6 Re8 33. Qd6 Qc3 34. Rd1 Qc6 35. e6 Qxd6 36. Rxd6 Ke7 37. Rxd7+ Kxe6 38. Rhd4 Kf6 39. f4 Re6 40. R4d6 Rc8 41. Rxe6+ Kxe6 42. Rxb7 Rc1+ 43. Kf2 Rc2+ 44. Kg3 Rxa2 45. Rxg7 Kf6 46. Ra7 Ra3+ 47. Kh4 Ra2 48. Kh3 Kg6 49. b5 a5 50. b6 a4 51.
b7 Rb2 52. Ra6+ Kh5 53. Rxa4 Rxb7 54. Ra5 Kg6 55. Kg3 Rb3+ 56. Kh4 Rb2 57. Ra6+ Kg7 58. Kh3 Rb3+ 59. g3 Rb2 60. Rd6 Kf7 61. Kh4 Rxh2+ 62. Kg5 Rg2 63. Rd3 Ke6 64. Re3+ Kf7 65. Kxf5 Ra2 66.
g4 Ra5+ 67. Re5 Ra6 68. g5 Rb6 69. Rd5 Ra6 70. Rd7+ Kg8 71. Rb7 Rc6 72. Kg4 Rc4 73. Kh5 Rxf4 74. Kh6 Kf8 75. Rb8+ Ke7 76. g6 Rh4+ 77. Kg7 Rh1 78. Rb2 Re1 79. Rf2 Rg1 80. Re2+ Kd6 81. Kf7 Rf1+ 82. Kg8 Rg1 83. g7 Kd7 84.
Re4 Rg5 85. Kf7 Rf5+ 86. Kg6 Rf1 87. g8=Q Rg1+ 88. Kh7 Rxg8 89. Kxg8 Kd6 90. Kf7 Kd5 91. Re6 Kd4 92. Kf6 1-0

[Event "Early-Titled-Tuesday-Blitz-March-19-2024"]
[Site "Chess.com"]
[Date "2024.03.19"]
[Round "1"]
[White "rubicapa"]
[Black "Elegance_Riks"]
[Result "0-1"]
[WhiteElo "2417"]
[BlackElo "2765"]
[TimeControl "180+1"]
[EndTime "8:10:34 PDT"]
[Termination "Elegance_Riks won on time"]

1. e4 g6 2. d4 Bg7 3. Nc3 d6 4. Nf3 a6 5. Bc4 e6 6. a4 Ne7 7. O-O h6 8. Re1 b6 9. e5 d5 10.
Bd3 c5 11. Bf1 Nd7 12. Ne2 O-O 13. c3 Rb8 14. h4 b5 15. axb5 axb5 16. Nf4 Nf5 17.
g3 b4 18. Bd3 bxc3 19. bxc3 Ne7 20. Ba3 c4 21. Bc2 Re8 22. Bd6 Rb7 23. Ba4 Nf5 24.
Bb4 Ra7 25. Bc2 Rxa1 26. Qxa1 Bf8 27. Bxf8 Nxf8 28. Qa7 Re7 29. Qa8 Ng7 30. Rb1 Rc7 31.
Kg2 Qe7 32. Rb8 Bb7 33. Qa5 Rc8 34. Rxc8 Bxc8 35. Qa8 Qb7 36. Qxb7 Bxb7 37. Ba4 Nf5 38. Kf1 Ne7 39. Ke1 Bc6 40. Bc2 Nd7 41. Kd2 Nb6 42. Ne2 Kf8 43. Nh2 Ba4 44. Bb1 Bb3 45. Ng4 Kg7 46. Nf6 h5 47. Ne8+ Kf8 48. Nd6 Nec8 49. Nxc8 Nxc8 50. Nf4 Nb6 51. Nh3 Ba4 52. Ng5 Ke7 53.
Nh3 Nd7 54. Ng5 Nf8 55. Nh3 Nh7 56. Nf4 Kf8 57. Nh3 Kg7 58. Nf4 Nf8 59. Ne2 Bb3 60.
Nf4 Ba4 61. Ne2 Nd7 62. Nf4 Nb6 63. Ne2 Bc6 64. Nf4 Bd7 65. Ne2 Be8 66. Nf4 Kf8 67.
Ne2 Ke7 68. Nf4 Nd7 69. Nh3 Nb8 70. Ng5 Nc6 71. Nf3 Na5 72. Bc2 Bd7 73. Ng5 Kf8 74.
Nh3 Kg7 75. Ng5 Bc6 76. Nh3 Bb5 77. Nf4 Be8 78. Nh3 Nb7 79. Ng5 Kf8 80. Nh3 Nd8 81. Ng5 Nc6 82. Nf3 Ne7 83. Ng5 Kg7 84. Nh3 Bd7 85. Nf4 Nc8 86. Ng2 Nb6 87. Ne3 Be8 88.
Ng2 Kf8 89. Ne3 Ke7 90. Ng2 Nd7 91. Ne3 f6 92. exf6+ Kxf6 93. Ng2 Bf7 94. Nf4 e5 95. dxe5+ Nxe5 96. Bd1 Nc6 97. Ke3 Ke5 98. Ne2 Ne7 99. f4+ Kd6 100. Nd4 Be8 101. Bc2 Nc8 102. f5 Ne7 103.
f6 Nc8 104. Kf4 Bf7 105. Kg5 Ke5 106. Bxg6 Bxg6 107.
Kxg6 Nd6 108. Kg7 Ke4 109. f7 Nxf7 110. Kxf7 Kd3 111. Ke6 Kxc3 112. Kxd5 Kd3 113. Ke5 c3 0-1

[Event "Early-Titled-Tuesday-Blitz-March-19-2024"]
[Site "Chess.com"]
[Date "2024.03.19"]
[Round "2"]
[White "m_ezat"]
[Black "francyIM"]
[Result "1-0"]
[WhiteElo "2602"]
[BlackElo "2818"]
[TimeControl "180+1"]
[EndTime "8:12:35 PDT"]
[Termination "m_ezat won by resignation"]

1. d4 d5 2. c4 e6 3. Nc3 c6 4. e4 dxe4 5. Nxe4 Bb4+ 6. Bd2 Qxd4 7.
Bxb4 Qxe4+ 8. Be2 Na6 9. Bf8 Ne7 10. Bxg7 Rg8 11. Bf6 Qxg2 12. Qd6 1-0

[Event "Early-Titled-Tuesday-Blitz-March-19-2024"]
[Site "Chess.com"]
[Date "2024.03.19"]
[Round "2"]
[White "Gabix_94"]
[Black "mertfelin"]
[Result "1-0"]
[WhiteElo "2775"]
[BlackElo "2375"]
[TimeControl "180+1"]
[EndTime "8:12:35 PDT"]
[Termination "Gabix_94 won by resignation"]

1. d4 d5 2. Nc3 Nf6 3. Bf4 e6 4. Nb5 Na6 5. e3 Be7 6. h4 O-O 7. Nf3 c6 8. Nc3 c5 9. h5 h6 10. Ne5 Ne4 11. Nxe4 dxe4 12. c3 b6 13. Nc6 Qe8 14.
Nxe7+ Qxe7 15. dxc5 Nxc5 16. Bd6 Qd8 17. Bxf8 Qxf8 18. b4 Nd7 19. Qd4 Bb7 20. Qxd7 1-0

[Event "Early-Titled-Tuesday-Blitz-March-19-2024"]
[Site "Chess.com"]
[Date "2024.03.19"]
[Round "2"]
[White "andrew-blr"]
[Black "Zapateado"]
[Result "1-0"]
[WhiteElo "2612"]
[BlackElo "2386"]
[TimeControl "180+1"]
[EndTime "8:13:00 PDT"]
[Termination "andrew-blr won by resignation"]

1. d4 d5 2. c4 e5 3. dxe5 d4 4. Nf3 Nc6 5. a3 Nge7 6. e3 Bg4 7. Be2 dxe3 8. Bxe3 Qxd1+ 9. Bxd1 Bxf3 10. Bxf3 Nxe5 11. Bxb7 Rb8 12. Ba6 Rxb2 13. O-O g6 14. Bd4 Re2 15. Nc3 1-0

[Event "Early-Titled-Tuesday-Blitz-March-19-2024"]
[Site "Chess.com"]
[Date "2024.03.19"]
[Round "2"]
[White "bescmelasti"]
[Black "RichardShtivelband"]
[Result "1-0"]
[WhiteElo "2657"]
[BlackElo "2414"]
[TimeControl "180+1"]
[EndTime "8:13:10 PDT"]
[Termination "bescmelasti won by resignation"]

1. e4 e5 2. Nf3 Nc6 3. Bc4 Bc5 4. d3 d6 5. c3 a6 6. a4 Ba7 7. O-O f5 8. Ng5 Qf6 9. Nf7 fxe4 10. Nxh8 Nge7 11. Qh5+ 1-0

[Event "Early-Titled-Tuesday-Blitz-March-19-2024"]
[Site "Chess.com"]
[Date "2024.03.19"]
[Round "2"]
[White "Carlos-Godoy"]
[Black "Quattroporte300"]
[Result "0-1"]
[WhiteElo "2085"]
[BlackElo "2475"]
[TimeControl "180+1"]
[EndTime "8:13:12 PDT"]
[Termination "Quattroporte300 won by resignation"]

1. d4 g6 2. Nf3 Nf6 3. Bg5 Bg7 4. Nbd2 O-O 5. c3 d5 6. e3 h6 7. Bh4 Bf5 8. Be2 Nbd7 9. O-O c5 10. Ne5 Qb6 11.
Nxd7 Nxd7 12. Bxe7 Rfe8 13. Bxc5 Nxc5 14. dxc5 Qxb2 15.
Nb3 Bxc3 16. Qxd5 Qxe2 17. Rfd1 Bxa1 0-1

[Event "Early-Titled-Tuesday-Blitz-March-19-2024"]
[Site "Chess.com"]
[Date "2024.03.19"]
[Round "2"]
[White "GoltsevDmitry2000"]
[Black "jimmy-schlumpf"]
[Result "1-0"]
[WhiteElo "2768"]
[BlackElo "2340"]
[TimeControl "180+1"]
[EndTime "8:13:19 PDT"]
[Termination "GoltsevDmitry2000 won by resignation"]

1. e4 c6 2. e5 d5 3. exd6 exd6 4. d4 Nf6 5. Nf3 Bg4 6. c4 Be7 7. Nc3 O-O 8. Bd3 d5 9. O-O dxc4 10. Bxc4 Bxf3 11.
Qxf3 Qxd4 12. Bb3 Nbd7 13. Bg5 Rfe8 14. Rad1 Qc5 15. Rxd7 Nxd7 16. Bxf7+ Kh8 17. Bxe8 Rxe8 18. Qf7 1-0

[Event "Early-Titled-Tuesday-Blitz-March-19-2024"]
[Site "Chess.com"]
[Date "2024.03.19"]
[Round "2"]
[White "semchik73"]
[Black "DavidGavrilescu18"]
[Result "0-1"]
[WhiteElo "2427"]
[BlackElo "2786"]
[TimeControl "180+1"]
[EndTime "8:13:32 PDT"]
[Termination "DavidGavrilescu18 won by resignation"]

1. Nf3 d5 2. c4 d4 3. e3 Nc6 4. b4 dxe3 5. fxe3 e5 6. b5 Nb4 7. d4 Bf5 8. Na3 e4 9. Nd2 Bd6 10. g3 Qg5 11. Qe2 Nd3+ 12. Kd1 Bg4 13. Nxe4 Qg6 14.
Nxd6+ cxd6 0-1

[Event "Early-Titled-Tuesday-Blitz-March-19-2024"]
[Site "Chess.com"]
[Date "2024.03.19"]
[Round "2"]
[White "Pingah9"]
[Black "Agibileg"]
[Result "0-1"]
[WhiteElo "2576"]
[BlackElo "2823"]
[TimeControl "180+1"]
[EndTime "8:13:33 PDT"]
[Termination "Agibileg won by resignation"]

1. e4 c5 2. Nc3 e6 3. g3 d5 4. Bg2 d4 5. Nce2 Nc6 6. d3 Nf6 7. h3 Be7 8. f4 O-O 9. Nf3 b5 10. a4 Ba6 11. axb5 Bxb5 12. b3 a5 13. O-O a4 14. bxa4 Rxa4 15. Rb1 Nb4 16. Ne5 Ra2 17.
c3 dxc3 18. Nxc3 Qd4+ 19. Kh2 Qxc3 0-1

[Event "Early-Titled-Tuesday-Blitz-March-19-2024"]
[Site "Chess.com"]
[Date "2024.03.19"]
[Round "2"]
[White "ChessQueen"]
[Black "Flaccidmoves"]
[Result "1-0"]
[WhiteElo "2751"]
[BlackElo "2425"]
[TimeControl "180+1"]
[EndTime "8:13:35 PDT"]
[Termination "ChessQueen won by resignation"]

1. e4 g6 2. d4 Bg7 3. Nc3 d6 4. Be3 a6 5. Nf3 b5 6. h4 h5 7.
Ng5 f6 8. Nh3 Nh6 9. Nf4 Kf7 10.
a4 b4 11. Na2 Ng4 12. Bc4+ e6 13.
Qf3 Nxe3 14. fxe3 c6 15. Nxb4 d5 16. exd5 a5 17. dxe6+ Ke7 18. Nxg6+ 1-0

[Event "Early-Titled-Tuesday-Blitz-March-19-2024"]
[Site "Chess.com"]
[Date "2024.03.19"]
[Round "2"]
[White "cthake"]
[Black "AsaHoffmann"]
[Result "0-1"]
[WhiteElo "1797"]
[BlackElo "2448"]
[TimeControl "180+1"]
[EndTime "8:13:44 PDT"]
[Termination "AsaHoffmann won by resignation"]

1. e4 d6 2. d4 Nf6 3. Nc3 c6 4. h3 Nbd7 5. Nf3 e5 6. Be2 Be7 7. O-O b5 8. Be3 b4 9. Na4 Nxe4 10. dxe5 dxe5 11. Qd3 Nef6 12. Qc4 Qc7 13. Nc5 Nxc5 14. Bxc5 a5 15. Rad1 Be6 0-1

[Event "Early-Titled-Tuesday-Blitz-March-19-2024"]
[Site "Chess.com"]
[Date "2024.03.19"]
[Round "2"]
[White "JoliyRoger"]
[Black "jocmil"]
[Result "1/2-1/2"]
[WhiteElo "2441"]
[BlackElo "2763"]
[TimeControl "180+1"]
[EndTime "8:13:52 PDT"]
[Termination "Game drawn by repetition"]

1. d4 Nf6 2. c4 c6 3. Nc3 d5 4. cxd5 cxd5 5. Bf4 Nc6 6. e3 Bf5 7. Bb5 e6 8. Nf3 Bd6 9. O-O O-O 10. Bxc6 bxc6 11. Bxd6 Qxd6 12. Na4 Bg4 13. Rc1 Ne4 14. Qc2 Bxf3 15. gxf3 Ng5 16. Kg2 Qe7 17. h4 Qf6 18. Qe2 Qg6 19. hxg5 Qxg5+ 20. Kh2 Qh4+ 21. Kg2 Qg5+ 22.
Kh2 Qh4+ 23. Kg2 Qg5+ 1/2-1/2

[Event "Early-Titled-Tuesday-Blitz-March-19-2024"]
[Site "Chess.com"]
[Date "2024.03.19"]
[Round "2"]
[White "superchess02"]
[Black "NewYearGirl"]
[Result "1-0"]
[WhiteElo "2833"]
[BlackElo "2430"]
[TimeControl "180+1"]
[EndTime "8:13:54 PDT"]
[Termination "superchess02 won by resignation"]

1. d4 Nf6 2. c4 c5 3. d5 b5 4. cxb5 a6 5. b6 e6 6. Nc3 Qxb6 7. e4 exd5 8. exd5 Bd6 9. Nf3 O-O 10. Be2 Bb7 11. O-O a5 12. Bg5 Bc7 13. Bc4 Na6 14. Qd2 h6 15. Bh4 Nh5 16. Be7 Bf4 17. Qd3 Qf6 18.
Bxf6 1-0

[Event "Early-Titled-Tuesday-Blitz-March-19-2024"]
[Site "Chess.com"]
[Date "2024.03.19"]
[Round "2"]
[White "Tol_Tol"]
[Black "UnTucopalaTimba"]
[Result "1-0"]
[WhiteElo "2460"]
[BlackElo "1994"]
[TimeControl "180+1"]
[EndTime "8:13:55 PDT"]
[Termination "Tol_Tol won by resignation"]

1. d4 Nf6 2. c4 e6 3. Nc3 Bb4 4.
e3 O-O 5. Bd3 d5 6. Nf3 c5 7.
O-O dxc4 8. Bxc4 Nc6 9. a3 Bxc3 10. bxc3 Qc7 11. Bd3 Rd8 12. Qc2 b6 13. e4 e5 14.
dxe5 Nxe5 15. Nxe5 Qxe5 16. f4 Qh5 17. e5 Nd5 18. Be4 Bb7 19. c4 Ne3 20. Bxe3 Bxe4 21.
Qxe4 Rac8 22. f5 1-0

[Event "Early-Titled-Tuesday-Blitz-March-19-2024"]
[Site "Chess.com"]
[Date "2024.03.19"]
[Round "2"]
[White "crescentmoon2411"]
[Black "ikhasu"]
[Result "0-1"]
[WhiteElo "2896"]
[BlackElo "2464"]
[TimeControl "180+1"]
[EndTime "8:14:21 PDT"]
[Termination "ikhasu won by resignation"]

1. d4 Nf6 2. c4 b6 3. Nc3 Bb7 4. f3 d5 5. cxd5 Nxd5 6. e4 Nxc3 7. bxc3 c5 8. Be3 e6 9. Bd3 Nd7 10. Ne2 Be7 11. O-O O-O 12. Qd2 Rc8 13. Rad1 Qc7 14. f4 cxd4 15. cxd4 Qd6 16. f5 e5 17. d5 Qb4 18.
Qxb4 Bxb4 19. Rc1 Bc5 20. Kf2 Bxe3+ 21. Kxe3 Nc5 22. Rc3 Nxd3 23. Rxd3 Ba6 24. Rd2 Rc4 25. Rfd1 g6 26. g4 Rd8 27. Rc1 Kf8 28. Rxc4 Bxc4 29.
Nc3 Ke7 30. g5 Kd6 31. h4 Rc8 32. a3 Bf1 33. Rc2 Rc7 34. Rc1 Ba6 35. Na2 Bc4 36. Nb4 a5 37. f6 axb4 38. axb4 b5 39. Ra1 Bb3 40. Ra8 Rc3+ 41. Kd2 Rc4 42. Kd3 Bc2+ 43.
Kd2 Bxe4 44. Rd8+ Kc7 0-1

[Event "Early-Titled-Tuesday-Blitz-March-19-2024"]
[Site "Chess.com"]
[Date "2024.03.19"]
[Round "2"]
[White "Chopper1905"]
[Black "Alexei_Gubajdullin"]
[Result "1-0"]
[WhiteElo "2964"]
[BlackElo "2655"]
[TimeControl "180+1"]
[EndTime "8:14:27 PDT"]
[Termination "Chopper1905 won by resignation"]

1. Nf3 Nf6 2. c4 g6 3. Nc3 Bg7 4. e4 d6 5. d4 O-O 6. Be2 Na6 7. O-O e5 8. Be3 c6 9. Re1 Qe7 10. Qc2 Bg4 11. Rad1 Nh5 12. h3 Bxf3 13. Bxf3 Nf4 14. a3 exd4 15. Bxf4 dxc3 16. Bxd6 Qd8 17. e5 Re8 18. Qxc3 Qc8 19. Bg4 Nc7 20. Bxc8 Ne6 21.
Bxb7 Rad8 22. Bxc6 Rf8 23. c5 1-0

[Event "Early-Titled-Tuesday-Blitz-March-19-2024"]
[Site "Chess.com"]
[Date "2024.03.19"]
[Round "2"]
[White "Aswathchess"]
[Black "NovakRatko"]
[Result "1-0"]
[WhiteElo "2621"]
[BlackElo "2398"]
[TimeControl "180+1"]
[EndTime "8:14:27 PDT"]
[Termination "Aswathchess won by resignation"]

1. e4 d5 2. exd5 c6 3. dxc6 Nxc6 4. Nf3 e5 5. Bb5 Bd6 6. O-O Ne7 7. Nc3 O-O 8. h3 Bf5 9. d3 a6 10. Bc4 b5 11.
Bb3 Na5 12. Ne4 Nxb3 13. axb3 Bc7 14. Re1 f6 15. Bd2 Bb6 16. Be3 Nd5 17. Bxb6 Qxb6 18. Ng3 Bg6 19. Nh4 Bf7 20. Nhf5 Nf4 21. Qg4 g6 22. Nh6+ Kh8 23. Nxf7+ Rxf7 24. Ne2 f5 25.
Qf3 Ne6 26. Qxa8+ 1-0

[Event "Early-Titled-Tuesday-Blitz-March-19-2024"]
[Site "Chess.com"]
[Date "2024.03.19"]
[Round "2"]
[White "Njal28"]
[Black "Rutricks"]
[Result "1-0"]
[WhiteElo "3073"]
[BlackElo "2704"]
[TimeControl "180+1"]
[EndTime "8:14:30 PDT"]
[Termination "Njal28 won by resignation"]

1. d4 g6 2. c4 Bg7 3. Nc3 d6 4. Nf3 Nd7 5. Bg5 h6 6. Bh4 b6 7.
e3 Bb7 8. Be2 Ngf6 9. O-O O-O 10. Qc2 g5 11. Bg3 Nh5 12. Nxg5 hxg5 13. Bxh5 Nf6 14.
Be2 Qd7 15. Rad1 Rae8 16. e4 Nh7 17. e5 dxe5 18. dxe5 Qe6 19. Bd3 Qh6 20. Be4 Bc8 21.
Nd5 c6 22. Ne3 g4 23. Bf5 Qh5 24. Bxc8 Rxc8 25. Qe4 Ng5 26. Qxg4 Qg6 27. Nf5 Rfe8 28. Nxe7+ Rxe7 29. Qxc8+ Kh7 30. f4 Ne4 31. Qh3+ Bh6 32. f5 1-0

[Event "Early-Titled-Tuesday-Blitz-March-19-2024"]
[Site "Chess.com"]
[Date "2024.03.19"]
[Round "2"]
[White "Titus369"]
[Black "martinbitel"]
[Result "0-1"]
[WhiteElo "2612"]
[BlackElo "2417"]
[TimeControl "180+1"]
[EndTime "8:14:35 PDT"]
[Termination "martinbitel won on time"]

1. e4 e5 2. Nf3 Nc6 3. Bb5 a6 4.
Ba4 Nf6 5. O-O Be7 6. d3 b5 7. Bb3 d6 8. c3 O-O 9. Re1 Nb8 10. Nbd2 Nbd7 0-1

[Event "Early-Titled-Tuesday-Blitz-March-19-2024"]
[Site "Chess.com"]
[Date "2024.03.19"]
[Round "2"]
[White "ATM622"]
[Black "bennyficial"]
[Result "1-0"]
[WhiteElo "2478"]
[BlackElo "2116"]
[TimeControl "180+1"]
[EndTime "8:14:41 PDT"]
[Termination "ATM622 won by checkmate"]

1. d4 Nf6 2. c4 e6 3. g3 d5 4. Bg2 Bb4+ 5. Nd2 O-O 6. Qc2 c6 7. Nf3 Nbd7 8. O-O Be7 9. e4 dxe4 10.
Nxe4 Nxe4 11. Qxe4 Nf6 12. Qc2 c5 13. Rd1 cxd4 14. Rxd4 Qb6 15. Be3 Bc5 16. Rd3 Nd7 17.
b4 Bxe3 18. fxe3 Qxb4 19. Rb1 Qa5 20. Rb5 Qc7 21. Ng5 Nf6 22. Rd4 Bd7 23. Rxb7 Qc8 24.
Rdxd7 Nxd7 25. Qxh7# 1-0